 Dungeon Crawl Stone Soup version 0.26.1-10-gdfb7c7de75 (webtiles) character file.

Game seed: 11117543078163125151

22 phalm the Insei (level 2, -12/18 HPs)
             Began as an Octopode Transmuter on Apr 2, 2021.
             Mangled by Sigmund
             ... wielding a +1 vorpal scythe
              (14 damage)
             ... on level 2 of the Dungeon.
             The game lasted 00:01:11 (1069 turns).

phalm the Insei (Octopode Transmuter)               Turns: 1069, Time: 00:01:12

Health: -12/18     AC:  1    Str:  9    XL:     2   Next: 91%
Magic:  4/5        EV: 13    Int: 15    God:
Gold:   26         SH:  0    Dex: 12    Spells: 4/5 levels left

rFire    . . .     SeeInvis .     - Unarmed
rCold    . . .     Faith    .   (no shield)
rNeg     . . .     Spirit   .   (helmet currently unavailable)
rPois    .         Reflect  .   b - amulet of the acrobat
rElec    .         Harm     .   d - ring of attention (curse)
rCorr    .         Rampage  .   (no ring)
Will     .....                  (no ring)
Stlth    +.........             (no ring)
HPRegen  0.06/turn              (no ring)
MPRegen  0.09/turn              (no ring)
                                (no ring)
                                (no ring)

@: appendages
A: almost no armour, stealthy swim, amphibious, 8 rings, constrict 8, tentacle
spike 3, camouflage 1, gelatinous body 1
a: End Transformation


You were on level 2 of the Dungeon.
One of your tentacles had a temporary spike.
You visited 1 branch of the dungeon, and saw 2 of its levels.

You collected 26 gold pieces.

Inventory:

Jewellery
 b - an amulet of the acrobat (around mantle)
 d - a cursed ring of attention (left tentacle)
Scrolls
 c - 2 scrolls of identify {unknown}
 f - a scroll of immolation {unknown}
 g - a scroll of teleportation {unknown}
Potions
 a - 2 potions of curing {unknown}
 e - a potion of lignification {unknown}
 h - a potion of heal wounds {unknown}


   Skills:
 + Level 1.2 Fighting
 + Level 2.1 Dodging
 + Level 3.1 Unarmed Combat
 * Level 2.4 Spellcasting
 * Level 2.4 Transmutations


You had 4 spell levels left.
You knew the following spells:

 Your Spells              Type           Power        Failure   Level
a - Beastly Appendage     Tmut           18%          8%          1

Your spell library contained the following spells:

 Spells                   Type           Power        Failure   Level
 Wereblood                Tmut           9%           12%         2
 Spider Form              Tmut/Pois      2%           36%         3
 Ice Form                 Ice/Tmut       5%           77%         4
 Blade Hands              Tmut           4%           91%         5


Dungeon Overview and Level Annotations

Branches:
Dungeon (2/15)

Altars:

Annotations:
D:2 Sigmund


Innate Abilities, Weirdness & Mutations

You cannot wear most types of armour.
You are very stealthy in the water. (Stealth+)
You are amphibious.
You can wear up to eight rings at the same time.
You can use your tentacles to constrict eight enemies at once.
Your skin changes colour to match your surroundings (Stealth+).
Your rubbery body absorbs attacks. (AC +1, EV +1)
One of your tentacles bears a large vicious spike.


Message History

The giant cockroach completely misses you.
You tentacle-slap Sigmund.
Sigmund is moderately wounded.
You constrict Sigmund. The giant cockroach barely misses you.
Sigmund says, "I'm your fate."
Sigmund gestures at himself while chanting.
Sigmund flickers and vanishes!
Deactivating autopickup; reactivate with Ctrl-A.
Casting: Beastly Appendage (safe; 8% risk of failure)
Confirm with . or Enter, or press ? or * to list all spells.
One of your tentacles grows a vicious spike.
You constrict something. Something hits you.
The giant cockroach completely misses you. x2
You tentacle-slap something but do no damage.
You pierce something.
You constrict something. Something hits you.
* * * LOW HITPOINT WARNING * * *
x2 The giant cockroach bites you but does no damage.
You tentacle-slap something. You constrict something. Something hits you!
Ouch! That really hurt!
You die...

.# .[.# ## ...
... .. # #..
.#.#
#..#####.#.#
#>..B...$..#
##..{@.#)#
...........#
##.#.###..##
#.# #..######
#.###.........
#.##..########
#.......#
####.##.# #.#
.#


You could see a giant cockroach.

Vanquished Creatures
  A dart slug (D:1)
  2 bats
  A giant cockroach (D:1)
  3 hobgoblins
  2 kobolds (D:1)
  3 frilled lizards (D:1)
  3 goblins
  4 rats
19 creatures vanquished.

Vanquished Creatures (others)
  2 fungi (D:2)
2 creatures vanquished.

Grand Total: 21 creatures vanquished

Notes
Turn   | Place    | Note
-------+----------+-------------------------------------------
     0 | D:1      | phalm the Octopode Transmuter began the quest for the Orb.
     0 | D:1      | Reached XP level 1. HP: 13/13 MP: 3/3
   310 | D:1      | Reached XP level 2. HP: 18/18 MP: 5/5
  1058 | D:2      | Noticed Sigmund
  1069 | D:2      | Mangled by Sigmund

Illustrated notes

Levels and vault maps discovered:
D:1:      lemuel_arrival_behind_the_door_large, layout_basic
D:2:      layout_loops_ring, uniq_crazy_yiuf_cottage, uniq_sigmund

Action                   || total
-------------------------++-------
Melee: Unarmed           ||    34
       Constrict         ||     9
       Tentacles         ||     6
       Kick              ||     1
 Cast: Beastly Appendage ||     1
 Stab: Sleeping          ||     6
Armor: Skin              ||     7
Dodge: Dodged            ||    21
